 Dungeon Crawl Stone Soup version 0.31.0-4-g52a2dc7128 (webtiles) character file.

Game seed: 14719457876876627217

44 ymhsbmbesitwf the Shooter (level 3, 0/29 HPs)
             Began as a Demigod Hunter on Jan 21, 2024.
             Slain by Robin
             ... wielding a +0 spear
              (5 damage)
             ... on level 2 of the Dungeon.
             The game lasted 00:02:43 (983 turns).

ymhsbmbesitwf the Shooter (Demigod Hunter)           Turns: 983, Time: 00:02:43

Health: 0/29       AC:  3    Str: 12    XL:     3   Next: 23%
Magic:  5/5        EV: 12    Int: 11    God:
Gold:   104        SH:  0    Dex: 21    Spells: 2/2 levels left

rFire   . . .        a - +0 shortbow
rCold   . . .        (shield currently unavailable)
rNeg    . . .        c - +0 leather armour
rPois   .            (no helmet)
rElec   .            (no cloak)
rCorr   .            (no gloves)
SInv    .            (no boots)
Will    .....        h - amulet of magic regeneration
Stlth   ++           g - ring of flight
HPRegen 0.24/turn    (no ring)
MPRegen 0.49/turn

%: no passive effects
@: flying
A: high MP 1, forlorn, divine attributes
a: no special abilities


You were on level 2 of the Dungeon.
You visited 1 branch of the dungeon, and saw 2 of its levels.

You collected 104 gold pieces.

Inventory:

Hand Weapons
 a - a +0 shortbow (weapon)
Armour
 c - a +0 leather armour (worn)
Jewellery
 g - a ring of flight (left hand)
 h - an amulet of magic regeneration (around neck)
Scrolls
 b - a scroll of butterflies
 d - a scroll of noise {unknown}
 f - a scroll of revelation {unknown}
 j - 5 scrolls of identify {unknown}
 k - a scroll of brand weapon {unknown}
 n - a scroll of fog {unknown}
Potions
 e - a potion of curing {unknown}
 i - 2 potions of might {unknown}
 l - a potion of lignification {unknown}
 m - a potion of degeneration {unknown}
 o - a potion of mutation {unknown}


   Skills:
 + Level 1.9 Fighting
 * Level 4.7 Ranged Weapons
 + Level 0.1 Armour
 + Level 1.8 Dodging
 + Level 0.8 Stealth


You had 2 spell levels left.
You didn't know any spells.
Your spell library was empty.

Dungeon Overview and Level Annotations

Branches:
Dungeon (2/15)

Annotations:
D:2 Robin


Innate Abilities, Weirdness & Mutations

You have an increased reservoir of magic. (+10% MP)
You shall have no god before yourself.
Your divine heritage dramatically boosts your attributes as you level up.


Message History

You kill the hobgoblin!
Robin roars a battlecry!
The hobgoblin goes into a battle-frenzy!
The goblin closely misses you.
You shoot an arrow. The arrow hits the goblin!
You kill the goblin!
The hobgoblin no longer looks unusually strong.
Robin closely misses you.
You shoot an arrow. The arrow hits the hobgoblin.
The hobgoblin is moderately wounded.
The hobgoblin closely misses you.
An endoplasm comes into view.
Robin hits you from afar with a +0 spear.
A dart slug comes into view.
You shoot an arrow. The arrow hits the hobgoblin.
The hobgoblin is severely wounded.
The hobgoblin hits you.
Robin hits you from afar with a +0 spear.
The hobgoblin completely misses you.
Robin roars a battlecry!
The hobgoblin goes into a battle-frenzy!
You are too injured to fight recklessly!
You are too injured to fight recklessly!
You are too injured to fight recklessly!
Fire: a) +0 shortbow
Press: ? - help, Shift-Dir - straight line, f/p - hobgoblin
Aim: a hobgoblin (severely wounded, strong, 64% to hit)
You shoot an arrow. The arrow barely misses the hobgoblin.
The arrow closely misses the hobgoblin.
The hobgoblin barely misses you. Robin closely misses you.
Fire: a) +0 shortbow
Press: ? - help, Shift-Dir - straight line, f/p - hobgoblin
Aim: a hobgoblin (severely wounded, strong, 64% to hit)
You shoot an arrow. The arrow barely misses the hobgoblin.
The arrow hits the hobgoblin but does no damage.
The hobgoblin hits you.
* * * LOW HITPOINT WARNING * * *
Robin hits you from afar with a +0 spear.
You die...
Robin lets out a smug laugh.

....... ### ....).. #
.......w....
##.###........... #
.......#......... #.
#............... . ....
#.#### #gg..)..... .#....
#.[..### #g#....... ..#...
#......##
#@#...#######.#...
#......##
##..#.#.....#.....
####....###
##..#.#._.<.#.....
###....###...#.#.....#.....
##...........#######.....
##...................†..
###...........#...#..##
####..........####...
#.#..#...### ####


You could see Robin, a dart slug and 2 hobgoblins.

Vanquished Creatures
  A dart slug (D:1)
  2 ball pythons (D:1)
  4 endoplasms (D:1)
  2 giant cockroaches (D:1)
  8 goblins
  5 hobgoblins
  3 quokkas (D:1)
  3 bats
  4 frilled lizards
  3 kobolds (D:1)
  A rat (D:1)
36 creatures vanquished.

Notes
Turn   | Place    | Note
-------+----------+-------------------------------------------
     0 | D:1      | ymhsbmbesitwf the Demigod Hunter began the quest for the
                  | Orb.
     0 | D:1      | Reached XP level 1. HP: 17/17 MP: 3/3
   161 | D:1      | Reached skill level 4 in Ranged Weapons
   171 | D:1      | Reached XP level 2. HP: 24/24 MP: 4/4
   959 | D:2      | Reached XP level 3. HP: 29/29 MP: 5/5
   965 | D:2      | Noticed Robin
   983 | D:2      | Slain by Robin

Illustrated notes

Levels and vault maps discovered:
D:1:      dpeg_arrival_windows_large_door, layout_basic, dreamdust_wishing_well,
          grunt_decor_junction, minmay_3d_cube
D:2:      layout_rooms, nicolae_ecumenical_oubliette, serial_curves,
          eino_curves_01, eino_curves_03, eino_curves_02, eino_curves_04,
          dreamdust_princess_corridor, uniq_robin

Skill      XL: |  1 |
---------------+----+-----
Ranged Weapons | 4 |  4.7
Fighting       | |  1.9
Armour         | |  0.1
Dodging        | |  1.8
Stealth        | |  0.8

Action                     || total
---------------------------++-------
   Fire: Shortbow          ||    74
 Armour: Leather armour    ||    17
  Dodge: Dodged            ||    23
